AoeStats
← Mill17

Nomad

503140231Analyzed
1v1 RM · 1mo ago on Aug 30, 2026· 31m 34s· 2 players
Game mode
Random Map
Map size
126×126
Population
200
Speed
Normal
Resources
Standard
Victory
Conquest
Starting age
Dark Age
Ending age
Imperial Age
RankedLock teamsTeams togetherTeam positionsShared explorationLock speedFull tech treeHidden civsTurbo modeCheats
Victory
Defeat
🇦🇺 Portuguese · Australia
779
+16
🇫🇷 Burgundians · France
787
-16
ivanorlando06
16:17 Feudal Age
21:39 Castle Age
19:50 Double-Bit Axe
22:57 Loom
Mill17
12:35 Wheelbarrow
15:24 Feudal Age
14:28 Double-Bit Axe
18:27 Bow Saw
18:52 Horse Collar
20:57 Hand Cart
21:32 Arson
24:58 Heavy Plow
26:24 Forging
26:17 Scale Mail Armor
27:03 Fletching
27:15 Padded Archer Armor
31:45 Castle Age
Connection lost

Rejoining the realm…

Still unreachable

The connection could not be restored.

Session expired

The server has moved on; the page needs a fresh start.